[Event "*** Titled Tuesday 3|2 Blitz"]
[Site "Chess.com"]
[Date "2016.05.03"]
[Round "7"]
[White "Beca95"]
[Black "Smirnov_Pavel"]
[Result "0-1"]
[WhiteElo "2557"]
[BlackElo "2516"]
[TimeControl "180+2"]
[EndTime "12:32:57 PDT"]
[Termination "Smirnov_Pavel won by resignation"]

1. d4 Nf6 2. Bg5 Ne4 3. h4 c5 4. dxc5 Qa5+ 5. Nd2 Nxg5 6. hxg5 Qxc5 7. Ngf3 Nc6 8. c3 g6 9. e4 Bg7 10. Bc4 d6 11.
Qb3 O-O 12. Qb5 a6 13. Qxc5 dxc5 14. Ke2 e6 15. a4 b6 16. Bd3 Rb8 17. Ke3 b5 18.
axb5 axb5 19. Rhc1 Rd8 20. Bf1 h6 21. Nb3 hxg5 22. g4 Ne5 23. Nxe5 Bxe5 24. Rd1 Rxd1 25. Rxd1 c4 26. Rd8+ Kg7 27. Nc5 Bc7 28. Re8 Bb6 29.
Kd4 e5+ 30. Kd5 Bb7+ 31. Nxb7 Rxe8 32. Nd6 Rd8 33. Kc6 Bxf2 34. Nxb5 Rd2 35. Bxc4 Rxb2 36. Bd5 f5 37. gxf5 g4 38. Nd6 g3 39. Ne8+ Kh6 40. f6 Rb6+ 41. Kd7 g2 42. f7 Bc5 0-1

[Event "*** Titled Tuesday 3|2 Blitz"]
[Site "Chess.com"]
[Date "2016.05.03"]
[Round "7"]
[White "GMVladimir_Petkov"]
[Black "wonderfultime"]
[Result "0-1"]
[WhiteElo "2336"]
[BlackElo "2594"]
[TimeControl "180+2"]
[EndTime "12:32:58 PDT"]
[Termination "wonderfultime won by resignation"]

1. d4 d5 2. Bf4 Nf6 3. e3 c5 4.
c3 Nc6 5. Nd2 Qb6 6. Qb3 c4 7.
Qc2 g6 8. f3 Bg7 9. Ne2 O-O 10.
Ng3 Re8 11. O-O-O e5 12. dxe5 Nxe5 13. e4 Nd3+ 14. Bxd3 cxd3 15. Qxd3 Be6 16. Kb1 Rac8 17. Rhe1 Ng4 18. e5 Nf2 19. Qc2 Nxd1 20. Rxd1 d4 21. c4 Red8 22. Qd3 Qa5 23. Rc1 b5 24.
Nge4 bxc4 25. Nxc4 Bxc4 26. Rxc4 Bxe5 27. Bd2 Qb5 28. b3 Rxc4 29. Qxc4 Qxc4 30. bxc4 Bxh2 31. f4 d3 32. c5 Bg1 33. Kc1 Rd4 34. Nf6+ Kg7 35.
Ne8+ Kf8 36. Nd6 Rd5 37. Kd1 Bxc5 38. Ne4 Be7 39. g4 f5 40. gxf5 Rxf5 41. Be3 Ra5 42.
Kd2 Rxa2+ 43. Kxd3 a5 44. Bd4 Ra3+ 45. Nc3 Bb4 46. Kc4 Bxc3 47. Bxc3 Rxc3+ 48. Kxc3 Kf7 49. Kb3 Kf6 50. Ka4 h5 51. Kxa5 h4 0-1

[Event "*** Titled Tuesday 3|2 Blitz"]
[Site "Chess.com"]
[Date "2016.05.03"]
[Round "7"]
[White "Wolverine_master"]
[Black "YaWaleriy"]
[Result "0-1"]
[WhiteElo "2000"]
[BlackElo "2178"]
[TimeControl "180+2"]
[EndTime "12:33:00 PDT"]
[Termination "YaWaleriy won by checkmate"]

1. Nf3 d5 2. d4 e6 3. b3 Nf6 4. Bb2 Bd6 5. e3 O-O 6. Bd3 b6 7. Nbd2 Nbd7 8. O-O Bb7 9. Ne5 Qe7 10. f4 Ba3 11. Bxa3 Qxa3 12. Nxd7 Nxd7 13. f5 Qe7 14. fxe6 Qxe6 15. Qe2 Rae8 16. Rae1 c5 17. Qh5 g6 18.
Qh4 f5 19. Nf3 Qf6 20. Qg3 Qg7 21. Qc7 Nf6 22. Qxg7+ Kxg7 23. Ne5 Re7 24. c4 dxc4 25. Bxc4 Bd5 26. Bxd5 Nxd5 27. e4 fxe4 28. Rxf8 Kxf8 29. Rxe4 cxd4 30. Re1 Nc3 31. Rf1+ Kg7 32. Nf3 d3 33. a3 g5 34. Nd2 Re2 35. Rc1 Nd5 36. Nf3 Ne3 37. Rc3 Rxg2+ 38. Kh1 Rf2 39. Nxg5 Rf1# 0-1

[Event "*** Titled Tuesday 3|2 Blitz"]
[Site "Chess.com"]
[Date "2016.05.03"]
[Round "7"]
[White "charlescandycampbell"]
[Black "Iwannabetheguy"]
[Result "1-0"]
[WhiteElo "2056"]
[BlackElo "1992"]
[TimeControl "180+2"]
[EndTime "12:33:02 PDT"]
[Termination "charlescandycampbell won by resignation"]

1. d4 c5 2. d5 Nf6 3. c4 b5 4. a4 bxc4 5. Nc3 g6 6. e4 d6 7. Bxc4 Bg7 8. f4 O-O 9. Nf3 Qa5 10. O-O Ba6 11. Qe2 Bxc4 12. Qxc4 Nbd7 13. Bd2 Ne8 14.
Nb5 Qb6 15. Bc3 Nc7 16. e5 Nxb5 17. axb5 Rfb8 18. Ra5 Qb7 19. Rfa1 Nb6 20. Qa2 Qxd5 21. Rxa7 Qxa2 22. R1xa2 Rxa7 23. Rxa7 Nd5 24. exd6 Nxc3 25. bxc3 Bxc3 26. dxe7 Bf6 27. Rc7 Kg7 28. Rxc5 Bxe7 29. Rd5 Rb6 30. g3 Kf6 31. Ng5 h6 32. Ne4+ Ke6 33.
Re5+ Kd7 34. f5 gxf5 35. Rxf5 Ke6 36. Rh5 f6 37. Kg2 Kf7 38. Kf3 Kg6 39. Rd5 f5 40. Nd2 Bg5 41. Nc4 Rb7 42. h4 Be7 43. Ne5+ Kf6 44. Kf4 Bd8 45. Rxd8 Rxb5 46. Rd6+ Ke7 47. Rxh6 Kf8 48. Kxf5 Kg7 49. Rg6+ Kh7 50. h5 Kh8 51. g4 Kh7 52. g5 Kh8 53. Rc6 Rb7 54. g6 Re7 55. h6 Re8 56. Rc7 Rf8+ 57. Nf7+ Kg8 58. Kf6 Rxf7+ 59. Rxf7 1-0

[Event "*** Titled Tuesday 3|2 Blitz"]
[Site "Chess.com"]
[Date "2016.05.03"]
[Round "7"]
[White "Iball95"]
[Black "pKiLz5Rn9b"]
[Result "0-1"]
[WhiteElo "2484"]
[BlackElo "2404"]
[TimeControl "180+2"]
[EndTime "12:33:14 PDT"]
[Termination "pKiLz5Rn9b won by checkmate"]

1. e4 e6 2. d4 d5 3. Nc3 Nf6 4.
Bg5 Be7 5. e5 Nfd7 6. Bxe7 Qxe7 7. f4 O-O 8. Nf3 c5 9. Be2 Nc6 10. dxc5 f6 11. exf6 Nxf6 12. O-O Qxc5+ 13. Kh1 Bd7 14.
Nb5 Ne4 15. Nfd4 Rae8 16. c3 a6 17. Nxc6 bxc6 18. Nd4 Qb6 19. Qc1 c5 20. Nf3 Bb5 21. Bxb5 axb5 22. Ne5 Rf5 23. Qe3 Qb7 24. Nd3 Qc7 25.
a4 bxa4 26. Rxa4 Ref8 27. c4 g5 28. cxd5 exd5 29. g3 gxf4 30. Nxf4 Qc6 31. Ra7 R8f7 32. Rxf7 Kxf7 33. Kg1 Qb5 34. b3 Qa6 35. Rd1 Qc6 36.
Qd3 c4 37. bxc4 dxc4 38. Qd7+ Qxd7 39. Rxd7+ Kf6 40. Rxh7 Rc5 41. Rh6+ Kf7 42. Rh7+ Kg8 43. Re7 Nd6 44. Re6 Nb5 45. Ne2 c3 46. Kg2 c2 47.
Nc1 Rd5 48. Re2 Na3 49. Re3 Nc4 50. Rc3 Rd2+ 51. Kf3 Ne5+ 52. Ke4 Ng4 53. h3 Nh2 54. g4 Nf1 55. h4 Rg2 56. Kf5 Ng3+ 57. Kg6 Kf8 58.
g5 Ne4 59. Rc8+ Ke7 60. Kf5 Nd6+ 61. Kf4 Nxc8 62. h5 Rg1 63. Ne2 Re1 64. h6 Rxe2 65.
h7 c1=Q+ 66. Kf5 Nd6+ 67. Kg6 Qc2+ 68. Kg7 Nf5+ 69. Kg8 Qc8# 0-1

[Event "*** Titled Tuesday 3|2 Blitz"]
[Site "Chess.com"]
[Date "2016.05.03"]
[Round "7"]
[White "hypert"]
[Black "SabinaFoisor"]
[Result "1-0"]
[WhiteElo "2348"]
[BlackElo "2192"]
[TimeControl "180+2"]
[EndTime "12:33:14 PDT"]
[Termination "hypert won by checkmate"]

1. e4 e6 2. d4 d5 3. Nc3 Nf6 4. e5 Nfd7 5. f4 c5 6. Nf3 Nc6 7. Be3 a6 8. Qd2 b5 9. a3 Qa5 10. Ra2 Qc7 11. Be2 Rb8 12. O-O g6 13. Nd1 h5 14. c3 Be7 15. Bf2 Na5 16. Ne3 Nb3 17. Qd1 c4 18. Nd2 Nxd2 19. Qxd2 a5 20. Qe1 b4 21. axb4 axb4 22. Bh4 Qd8 23. Bxe7 Qxe7 24. Ra7 O-O 25. f5 Qg5 26. Rf3 bxc3 27. bxc3 h4 28. fxg6 fxg6 29. Qf2 Rb1+ 30. Bf1 Rxf3 31. Qxf3 Rb7 32.
Ra2 Nxe5 33. dxe5 Rf7 34. Qe2 Qxe5 35. Ra8 Rf8 36. Ng4 Qxc3 37. Rxc8 Qd4+ 38. Nf2 e5 39. Rxf8+ Kxf8 40. Qf3+ Ke7 41. Kh1 c3 42. Ng4 e4 43.
Qf4 Qd2 44. Qf6+ Kd7 45. Ne5+ Kc7 46. Qc6+ Kb8 47. Nd7+ Ka7 48. Qb6+ Ka8 49. Qb8# 1-0

[Event "*** Titled Tuesday 3|2 Blitz"]
[Site "Chess.com"]
[Date "2016.05.03"]
[Round "7"]
[White "Rickstereo"]
[Black "jsdbv"]
[Result "0-1"]
[WhiteElo "2200"]
[BlackElo "2331"]
[TimeControl "180+2"]
[EndTime "12:33:24 PDT"]
[Termination "jsdbv won by resignation"]

1. c4 e6 2. g3 Nf6 3. Bg2 d5 4. Nf3 dxc4 5. O-O a6 6. a4 Nc6 7. Qc2 e5 8. Qxc4 Be6 9. Qc2 e4 10. Ng5 Nd4 11. Nxe6 Nxc2 12. Nxd8 Nxa1 13. Nxb7 Rb8 14.
Na5 Bb4 15. Nc4 Nb3 16. Nc3 Rd8 17. Nxe4 Nxe4 18. Bxe4 Bxd2 19. Bc6+ Ke7 20. Nxd2 Nxd2 21. Re1 Rd6 22. Bg2 c5 23. e4 Rb8 24. e5 Rd4 25.
Bc6 Rb6 26. Ba8 a5 27. Kg2 Ke6 28. Re2 Nb3 29. Be3 Rc4 30. Bf3 Rxa4 31. Rc2 Nd4 32. Rxc5 Nxf3 33. Kxf3 Rxb2 34. Rc8 Kxe5 35. Rh8 h6 36.
Rg8 g5 37. Rh8 g4+ 38. Kg2 Raa2 39. Rxh6 Rb3 40. Bf4+ Ke4 0-1

[Event "*** Titled Tuesday 3|2 Blitz"]
[Site "Chess.com"]
[Date "2016.05.03"]
[Round "7"]
[White "hellokostya"]
[Black "PowerThinking2650"]
[Result "1-0"]
[WhiteElo "2292"]
[BlackElo "2178"]
[TimeControl "180+2"]
[EndTime "12:33:26 PDT"]
[Termination "hellokostya won by resignation"]

1. d4 Nf6 2. c4 g6 3. Nc3 Bg7 4.
e4 d6 5. f3 O-O 6. Nge2 Nc6 7.
Be3 a6 8. Qd2 Rb8 9. h4 h5 10. Rc1 Bd7 11. Nd1 e6 12. Bh6 d5 13.
e5 Ne8 14. g4 hxg4 15. fxg4 f6 16. Bxg7 Nxg7 17. h5 g5 18. Bg2 fxe5 19. cxd5 Nxd4 20. Nxd4 exd4 21. h6 Ne8 22. Qxd4 Qf6 23. Qxf6 Rxf6 24.
Ne3 Kh7 25. Be4+ Kh8 26. Rh5 Nd6 27. Rxc7 Nxe4 28. Rxd7 exd5 29. Rxd5 Re8 30. Rh3 Nf2 31. Rg3 Nxg4 32. Rxg4 Rxe3+ 33. Kd2 Rh3 34. Rgxg5 Rf2+ 35. Kc1 Rh1+ 36. Rd1 Rxd1+ 37. Kxd1 Rf7 38. Kc2 Kh7 39. Rg7+ Rxg7 40. hxg7 Kxg7 41. Kc3 Kf6 42. Kb4 b6 43. a4 Ke6 44. a5 Kd6 45. axb6 Kc6 46. Ka5 Kb7 47.
b3 1-0

[Event "*** Titled Tuesday 3|2 Blitz"]
[Site "Chess.com"]
[Date "2016.05.03"]
[Round "7"]
[White "Usurpov"]
[Black "rasool78"]
[Result "1-0"]
[WhiteElo "2337"]
[BlackElo "2183"]
[TimeControl "180+2"]
[EndTime "12:33:26 PDT"]
[Termination "Usurpov won on time"]

1. e4 g6 2. d4 Bg7 3. Nc3 c5 4. d5 Bxc3+ 5. bxc3 Qa5 6. Bd2 d6 7. c4 Qa3 8. Bd3 Nf6 9. Ne2 Nbd7 10. Nc3 a6 11. O-O O-O 12. f4 b5 13. Qe2 bxc4 14. Bxc4 Nb6 15. e5 Nxc4 16. Qxc4 Nd7 17. Rab1 Qa5 18. Ne4 Qc7 19. Bc3 a5 20. exd6 exd6 21. Qb5 f5 22. Ng5 Ba6 23. Qc6 Qxc6 24. dxc6 Bxf1 25. cxd7 Bc4 26. Re1 h6 27. Re7 Bf7 28. Ne6 Bxe6 29. Rg7+ Kh8 30. Rxg6+ Kh7 31. Rg7+ Kh8 32.
Re7+ Kg8 33. Rg7+ Kh8 34. Kf2 Rad8 35. Re7+ Kg8 36. Rg7+ Kh8 37. Rg6+ Kh7 38. Rg7+ Kh8 39. a4 d5 40. Be5 Rg8 41. Re7+ Rg7 42. Rxg7 d4 43.
Re7+ Kg8 44. Re8+ 1-0

[Event "*** Titled Tuesday 3|2 Blitz"]
[Site "Chess.com"]
[Date "2016.05.03"]
[Round "7"]
[White "Philofive"]
[Black "chesstatour"]
[Result "1-0"]
[WhiteElo "2362"]
[BlackElo "2018"]
[TimeControl "180+2"]
[EndTime "12:33:40 PDT"]
[Termination "Philofive won by resignation"]

1. d4 Nf6 2. Bg5 Ne4 3. Bf4 d5 4. e3 Bf5 5. Bd3 e6 6. Ne2 Bd6 7. O-O O-O 8. c4 c6 9. Qc2 Bg6 10. c5 Be7 11. Nbc3 Nxc3 12. Nxc3 Nd7 13. Bxg6 hxg6 14.
b4 Bf6 15. Bd6 Be7 16. Bg3 Bf6 17. Rab1 e5 18. Qd3 a6 19. a4 Re8 20. Rb3 Bh4 21.
Bxh4 Qxh4 22. Rfb1 exd4 23. Qxd4 Qxd4 24. exd4 Nf6 25.
f3 Re3 26. Kf2 Rae8 27. R1b2 Rd3 28. Ne2 Rxb3 29. Rxb3 Ra8 30. b5 axb5 31. axb5 Ne8 32.
bxc6 bxc6 33. Rb6 Rc8 34. Nf4 Kf8 35. Nd3 f6 36. Nb4 Ra8 37. Nxc6 Ra2+ 38. Kg3 Rd2 39. Rb7 g5 40. Rd7 g6 41. Kh3 f5 42. Rxd5 Kf7 43.
Rd7+ Kf6 44. Ne5 g4+ 45. fxg4 Kg5 46. Nf3+ Kf4 47. Nxd2 fxg4+ 48. Kh4 g5+ 49. Kh5 Nf6+ 50. Kg6 Nxd7 51. c6 Nb6 52. c7 Ke3 53. Nc4+ 1-0

[Event "*** Titled Tuesday 3|2 Blitz"]
[Site "Chess.com"]
[Date "2016.05.03"]
[Round "7"]
[White "ShimanovAlex"]
[Black "Gevorg_Harutjunyan"]
[Result "1-0"]
[WhiteElo "2663"]
[BlackElo "2612"]
[TimeControl "180+2"]
[EndTime "12:33:47 PDT"]
[Termination "ShimanovAlex won on time"]

1. d4 Nf6 2. Nf3 g6 3. Bg5 Bg7 4. Nbd2 d6 5. e4 O-O 6. c3 c5 7. dxc5 dxc5 8. Be2 Nc6 9. O-O Qc7 10. h3 Nh5 11.
Be3 b6 12. Re1 Rd8 13. Qc2 Bb7 14. a4 Nf4 15. Bf1 Rd7 16. g3 Ne6 17. Nc4 Rad8 18.
h4 Ba6 19. Rac1 h5 20. Nfd2 Nf8 21. Qb1 Qb8 22. Nf3 Bb7 23. Bf4 Qa8 24. Bh3 e6 25.
Bg5 f6 26. Bf4 Rd3 27. Nh2 e5 28. Be3 Kh7 29. Bf1 R3d7 30. f3 Ne6 31. Bh3 Re7 32. Nf1 Ba6 33. Na3 Bd3 34. Qa2 Nc7 35. Nd2 Ba6 36.
Ndc4 Bc8 37. Bxc8 Qxc8 38. Kg2 Qe6 39. Qb1 Red7 40. Rcd1 Bh6 41. Bf2 Ne7 42. Rxd7 Rxd7 43. Rd1 Nc6 44. Rd3 Ne8 45. Qd1 Nb8 46. Rd5 Nc7 47.
Rd3 Ne8 48. b3 f5 49. Nb5 fxe4 50. fxe4 Rxd3 51. Qxd3 a6 52. Nbd6 Nf6 53. Nxb6 Qxb3 54. Nbc4 Nbd7 55. a5 Ng4 56. Qf3 Ndf6 57. Nxe5 1-0

[Event "*** Titled Tuesday 3|2 Blitz"]
[Site "Chess.com"]
[Date "2016.05.03"]
[Round "7"]
[White "Aguiar94"]
[Black "Ginger_GM"]
[Result "0-1"]
[WhiteElo "2396"]
[BlackElo "2553"]
[TimeControl "180+2"]
[EndTime "12:33:54 PDT"]
[Termination "Ginger_GM won by resignation"]

1. e4 d6 2. d4 Nf6 3. Nc3 Nbd7 4. Nf3 e5 5. Bc4 Be7 6. Ng5 O-O 7. Bxf7+ Rxf7 8. Ne6 Qe8 9. Nxc7 Qd8 10. Nxa8 b6 11. Nb5 Bb7 12. Nac7 Bxe4 13. Ne6 Qa8 14. f3 Bf5 15.
Nbc7 Qc6 16. d5 Qc4 17. Qe2 Qb4+ 18. c3 Qa4 19. O-O Nxd5 20. Nxd5 Bxe6 21. Nxe7+ Rxe7 22. b3 Qc6 23. c4 Nc5 24. Ba3 Rd7 25. Rad1 Bf5 26.
Rd2 Ne6 27. Rfd1 Nf4 28. Qe3 h5 29. Bxd6 Ng6 30. Bxe5 Rf7 31. Bb2 h4 32. Rd6 Qc7 33. Qd4 h3 34. g4 Bc2 35. Rd2 Nh4 36. Rf2 Nxf3+ 37. Rxf3 Rxf3 38. Qd5+ Qf7 39. Rd8+ Kh7 40.
Qxf7 Rxf7 41. Rd2 Be4 42. Rf2 Rd7 43. Be5 Bg2 44. Re2 Kg6 45. Kf2 Kg5 46. Kg3 Rd3+ 47.
Kf2 Kxg4 48. Re3 Rd2+ 49. Re2 Rd1 50. Bg3 Rd7 51. Re5 g5 52. Ke3 Rf7 53. Re6 Rf3+ 54. Ke2 Rxg3 55. hxg3 h2 0-1

[Event "*** Titled Tuesday 3|2 Blitz"]
[Site "Chess.com"]
[Date "2016.05.03"]
[Round "7"]
[White "KyronGriffith"]
[Black "stuffings101"]
[Result "1-0"]
[WhiteElo "2314"]
[BlackElo "2100"]
[TimeControl "180+2"]
[EndTime "12:34:05 PDT"]
[Termination "KyronGriffith won on time"]

1. Nf3 Nf6 2. g3 g6 3. Bg2 Bg7 4. c4 O-O 5. O-O d6 6. d4 c6 7. Nc3 Qa5 8. Bd2 Qh5 9. e4 Bg4 10.
Re1 Na6 11. Be3 e5 12. dxe5 dxe5 13. Qe2 Rfd8 14. Rad1 Bf8 15. a3 Bc5 16. b4 Bxe3 17. Qxe3 Rxd1 18. Rxd1 Nc7 19. c5 Ne6 20. Rd6 Kg7 21.
Nxe5 Qxe5 22. h3 Ne8 23. f4 Qf6 24. hxg4 Nxd6 25. cxd6 Qd4 26. Kf2 f6 27. b5 c5 28.
Qxd4 cxd4 29. Nd5 Rd8 30. e5 fxe5 31. fxe5 Rc8 32. Kf3 Rc2 33. Bf1 Rb2 34. Ke4 Rb1 35. Bc4 Re1+ 36. Kd3 Rxe5 37. d7 b6 38. a4 Kh6 39.
Nxb6 Re3+ 40. Kd2 Nd8 41. Nc8 Rxg3 42. Nxa7 Ra3 43. Nc6 Nb7 44. a5 Ra4 45. a6 1-0

[Event "*** Titled Tuesday 3|2 Blitz"]
[Site "Chess.com"]
[Date "2016.05.03"]
[Round "7"]
[White "sandropozo"]
[Black "oggy1984"]
[Result "0-1"]
[WhiteElo "2268"]
[BlackElo "2325"]
[TimeControl "180+2"]
[EndTime "12:34:16 PDT"]
[Termination "oggy1984 won on time"]

1. d4 Nf6 2. Bg5 d5 3. e3 c6 4.
Nd2 Bg4 5. f3 Bh5 6. g4 Bg6 7.
c4 e6 8. Qb3 Qb6 9. c5 Qc7 10.
Bf4 Qc8 11. h4 h5 12. g5 Nfd7 13. Bh3 Be7 14. Rc1 O-O 15. Ne2 b6 16. cxb6 axb6 17.
Bg3 c5 18. Nf4 c4 19. Qd1 Bd6 20. a3 Bxf4 21. Bxf4 Nc6 22. O-O Bd3 23. Rf2 g6 24.
Bd6 Re8 25. Nf1 Bxf1 26. Rxf1 b5 27. e4 Qb7 28. Qd2 Qa7 29. Rcd1 Nce5 30. Kh2 Nd3 31.
Qe3 Qb6 32. Bg3 b4 33. Rd2 bxa3 34. bxa3 Rxa3 35. exd5 Nf8 36. dxe6 Nxe6 37. Re2 Ng7 38. Qd2 Rxe2+ 39. Qxe2 Qxd4 40. f4 Rb3 41. Bg2 Rb2 42. Qf3 Ra2 43. Qc6 Nf5 44. Qe8+ Kg7 45. Be1 Nxe1 46.
Rxe1 Nxh4 0-1

[Event "*** Titled Tuesday 3|2 Blitz"]
[Site "Chess.com"]
[Date "2016.05.03"]
[Round "7"]
[White "chess960now"]
[Black "ArnaudovP"]
[Result "1/2-1/2"]
[WhiteElo "1981"]
[BlackElo "2395"]
[TimeControl "180+2"]
[EndTime "12:34:19 PDT"]
[Termination "Game drawn by stalemate"]

1. d4 Nf6 2. c4 Nc6 3. Nf3 e6 4. g3 d5 5. Bg2 dxc4 6. O-O Rb8 7. a4 a6 8. Nc3 b5 9. axb5 axb5 10. Bf4 Bd6 11.
Ne5 Ne7 12. Nxb5 Rxb5 13. Qa4 Bd7 14. Nxd7 Qxd7 15. Qa8+ Qd8 16. Bc6+ Nxc6 17. Qxc6+ Qd7 18. Ra8+ Ke7 19. Qxd7+ Nxd7 20. Bxd6+ cxd6 21. Rxh8 Nf8 22. Ra1 Rxb2 23. Ra7+ Nd7 24. Rc8 c3 25. Rxc3 Rb8 26. Rcc7 Rd8 27. e3 d5 28. Kf1 g5 29. Ke2 g4 30.
Kd3 h5 31. Kc3 Kd6 32. Kd3 f5 33. Rc2 Rb8 34. Ra6+ Ke7 35. Rcc6 Nf8 36. Ra7+ Nd7 37. Rcc7 Rd8 38. Ke2 Kd6 39. Rcb7 Kc6 40. Rc7+ Kd6 41.
Rcb7 Ke7 42. f3 Kd6 43. fxg4 hxg4 44. Kf2 Kc6 45. Rc7+ Kd6 46. Rcb7 Ke7 47. Kg2 Kd6 48. h4 gxh3+ 49. Kxh3 Rh8+ 50. Kg2 Rd8 51. Kf3 Kc6 52. Rc7+ Kd6 53. Rcb7 Kc6 54. Rc7+ Kd6 55. Rcb7 Ke7 56. g4 fxg4+ 57. Kxg4 Kd6 58. Rxd7+ Rxd7 59. Rxd7+ Kxd7 60. Kg5 Kd6 61. Kf6 Kd7 62. Kf7 Kd6 63. Ke8 e5 64. Kf7 exd4 65. exd4 Kd7 66. Kf6 Kd6 67. Kf5 Kd7 68. Ke5 Ke7 69. Kxd5 Kd7 70. Kc5 Kc7 71.
Kc4 Kc6 72. d5+ Kd6 73. Kd4 Kd7 74. Ke4 Kd6 75. Kd4 Kd7 76. Kc5 Kc7 77. d6+ Kd7 78. Kd5 Kd8 79. Kc6 Kc8 80. d7+ Kd8 81. Kd6 1/2-1/2

[Event "*** Titled Tuesday 3|2 Blitz"]
[Site "Chess.com"]
[Date "2016.05.03"]
[Round "7"]
[White "alturas_pacificas"]
[Black "norwaytoadog"]
[Result "1/2-1/2"]
[WhiteElo "2171"]
[BlackElo "2053"]
[TimeControl "180+2"]
[EndTime "12:34:43 PDT"]
[Termination "Game drawn by repetition"]

1. d4 Nf6 2. Bf4 e6 3. e3 b6 4. Be2 Bb7 5. Bf3 d5 6. c4 Bb4+ 7. Nc3 O-O 8. Ne2 c5 9. O-O Nbd7 10. a3 Bxc3 11. bxc3 Ne4 12. cxd5 exd5 13. Qc2 Ndf6 14. Rfd1 Qe7 15. Ng3 Nxg3 16. Bxg3 Rac8 17. Qd2 c4 18. Re1 Rfe8 19. Bh4 Qe6 20. Bxf6 Qxf6 21. a4 a6 22. h3 g6 23. Reb1 h5 24. Qb2 Re6 25. Qb4 Rce8 26. a5 b5 27. Re1 Kg7 28. Ra2 Qf5 29. Qb1 Qg5 30. Rae2 f5 31. Qc1 Qe7 32. g3 h4 33.
Kg2 hxg3 34. fxg3 Rh8 35. Rh1 Qc7 36. Kf2 Qxa5 37. h4 Qc7 38. Qc2 Kf6 39. Kg2 a5 40. h5 g5 41. g4 Ke7 42. Qxf5 Rf8 43. Qxg5+ Kd7 44. Bxd5 Ref6 45. Qg7+ R6f7 46. Qg5 Rf5 47. gxf5 Bxd5+ 48. e4 Rg8 49. Qxg8 Bxg8 50. h6 Qf4 51. h7 Qg4+ 52. Kf2 Qf4+ 53. Kg2 Qg4+ 54. Kf2 Qf4+ 55. Kg1 Qg3+ 56. Kf1 Qf3+ 57. Kg1 Qg3+ 58.
Kf1 Qf3+ 59. Kg1 Qg3+ 60. Rg2 Qe1+ 61. Kh2 Qh4+ 62. Kg1 Qe1+ 63. Kh2 Qh4+ 64. Kg1 Qe1+ 65. Kh2 1/2-1/2

[Event "*** Titled Tuesday 3|2 Blitz"]
[Site "Chess.com"]
[Date "2016.05.03"]
[Round "7"]
[White "Zlatan56"]
[Black "vovkcoach"]
[Result "1-0"]
[WhiteElo "2589"]
[BlackElo "2521"]
[TimeControl "180+2"]
[EndTime "12:35:02 PDT"]
[Termination "Zlatan56 won by resignation"]

1. g3 d5 2. Bg2 c6 3. Nf3 Bg4 4.
O-O Nd7 5. d3 Bxf3 6. Bxf3 e6 7.
Bg2 g6 8. e4 dxe4 9. dxe4 Bg7 10. Kh1 Ngf6 11. f4 e5 12. Nc3 O-O 13. f5 Nb6 14.
Qf3 Qd4 15. a3 Nc4 16. Rd1 Qc5 17. b3 Nb6 18. b4 Qe7 19. Be3 Rfd8 20. Qe2 Rxd1+ 21.
Rxd1 Rd8 22. Bc5 Qe8 23. a4 Bf8 24. fxg6 hxg6 25. Rb1 Qe6 26. Be3 Nc4 27. Bg5 Rd4 28. Nd1 Be7 29. c3 Rd8 30. Nf2 Nb6 31. a5 Nc8 32. Bh3 Qd6 33. Rd1 Qc7 34. Rxd8+ Qxd8 35.
Qd3 Qxd3 36. Nxd3 Nxe4 37. Bxc8 Nxg5 38. Bxb7 e4 39. Nc1 c5 40. b5 c4 41. b6 Bc5 42.
Bc6 axb6 43. a6 b5 44. Bxb5 f5 45. Bxc4+ Kf8 46. Nb3 Ba7 47. Nd4 Nf3 48. Nc6 Nd2 49. Be2 Bc5 50. h4 Nb1 51. a7 Bxa7 52. Nxa7 Nxc3 53.
Bc4 Ke7 54. Kg2 Kf6 55. Nb5 Nxb5 56. Bxb5 g5 57. h5 Kg7 58. Bd7 f4 59. g4 Kh6 60.
Bf5 e3 61. Kf3 Kg7 62. Bd3 Kh6 63. Be2 Kg7 64. Ke4 Kh6 65. Kf5 1-0

[Event "*** Titled Tuesday 3|2 Blitz"]
[Site "Chess.com"]
[Date "2016.05.03"]
[Round "7"]
[White "Journey_to_GrandMaster_YT"]
[Black "arna"]
[Result "1-0"]
[WhiteElo "2352"]
[BlackElo "2128"]
[TimeControl "180+2"]
[EndTime "12:35:04 PDT"]
[Termination "Journey_to_GrandMaster_YT won on time"]

1. d4 Nf6 2. Nf3 g6 3. g3 Bg7 4. Bg2 O-O 5. O-O d6 6. Re1 Nbd7 7. e4 e5 8. c3 Qe7 9. Nbd2 a5 10.
a4 b6 11. Qc2 Ba6 12. b3 Rfe8 13. Ba3 Qd8 14. Rad1 Qb8 15. c4 Bb7 16. d5 Nc5 17. Bxc5 bxc5 18. Bh3 Bh6 19. Nb1 Ba6 20. Nc3 Rf8 21.
Nb5 Bc8 22. Bxc8 Qxc8 23. Kg2 Ne8 24. Nh4 f5 25. exf5 gxf5 26. Kh1 Qd7 27. Rf1 Ng7 28. f4 e4 29. Ng2 Nh5 30. Ne3 Nf6 31. Qe2 Bg7 32.
Rg1 h5 33. Rdf1 Kf7 34. h3 Rh8 35. Kh2 Rac8 36. Na7 Rb8 37. Nb5 Rb7 38. Qd2 Ra8 39. Qe2 Rh8 40. Ng2 Qe7 41. Nh4 Qd7 42. Qd2 Ra8 43.
Rf2 Rbb8 44. Ng2 Rh8 45. Ne3 Qc8 46. Qe2 Qd7 47. Kg2 Rh7 48. Kf1 Qe7 49. Nxf5 Qd7 50. g4 hxg4 51. hxg4 Nxg4 52. Qxg4 Rd8 53. Nxg7 Qxg4 54.
Rxg4 Rxg7 55. Rxg7+ Kxg7 56. Nxc7 Kf6 57. Ke2 Kf5 58.
Rh2 Rg8 59. Rh6 Rg2+ 60. Kf1 Rb2 61. Rxd6 Kg4 62. Re6 Kf3 63. Kg1 Rb1+ 64. Kh2 Rb2+ 65. Kh3 Rb1 66. Kh4 Kxf4 67. Kh5 1-0

[Event "*** Titled Tuesday 3|2 Blitz"]
[Site "Chess.com"]
[Date "2016.05.03"]
[Round "7"]
[White "Fh2411"]
[Black "UltimateCrusher2"]
[Result "1/2-1/2"]
[WhiteElo "2266"]
[BlackElo "2098"]
[TimeControl "180+2"]
[EndTime "12:35:04 PDT"]
[Termination "Game drawn - insufficient material"]

1. d4 b6 2. Nf3 Nf6 3. g3 Bb7 4. Bg2 e6 5. O-O Be7 6. c4 O-O 7. Nc3 Ne4 8. Qc2 Nxc3 9. Qxc3 c5 10. Be3 cxd4 11. Bxd4 Bf6 12. Bxf6 Qxf6 13. Qxf6 gxf6 14. Rfd1 Rd8 15. Rd6 Kf8 16. Rad1 Ke7 17. R6d4 Na6 18. a3 Nc5 19. b4 Na6 20. Rh4 Rh8 21. Bf1 Rac8 22.
Nd4 Nc7 23. Nb3 d5 24. c5 e5 25. Rc1 Ne6 26. Bh3 d4 27. Bf5 Bd5 28. Bxe6 Bxe6 29.
Nd2 Bd5 30. e3 dxe3 31. fxe3 Rc7 32. Kf2 h5 33. e4 Be6 34. Nf1 bxc5 35. bxc5 Rhc8 36.
Rxh5 Rxc5 37. Rxc5 Rxc5 38. Ne3 Rc3 39. Rh8 Rxa3 40.
h4 Ra1 41. h5 a5 42. h6 Rh1 43.
Kg2 Rh5 44. g4 Rh4 45. Kg3 Rh1 46. h7 a4 47. Ng2 Rh6 48. Ra8 Rxh7 49. Rxa4 Rh1 50.
Ne3 Rb1 51. Ra3 Kf8 52. Kf3 Kg7 53. Ra7 Rb3 54. Kf2 Kg6 55. Nf5 Kg5 56. Nd6 Kxg4 57. Nxf7 Bxf7 58. Rxf7 Kf4 59. Rxf6+ Kxe4 60. Rf8 Rb2+ 61.
Kf1 Ke3 62. Rh8 Rb1+ 63. Kg2 e4 64. Ra8 Kd3 65. Ra3+ Ke2 66. Ra2+ Ke1 67. Kg3 e3 68. Kf3 Rb3 69. Re2+ Kd1 70. Rxe3 Rxe3+ 71. Kxe3 1/2-1/2

[Event "*** Titled Tuesday 3|2 Blitz"]
[Site "Chess.com"]
[Date "2016.05.03"]
[Round "7"]
[White "FLchessplayer"]
[Black "Schemato"]
[Result "0-1"]
[WhiteElo "2068"]
[BlackElo "2218"]
[TimeControl "180+2"]
[EndTime "12:35:07 PDT"]
[Termination "Schemato won by checkmate"]

1. e4 e6 2. d4 d5 3. Nd2 Be7 4. e5 b6 5. c3 Qd7 6. Ngf3 h5 7.
Bd3 Ba6 8. Qe2 Bxd3 9. Qxd3 c5 10. h3 Nc6 11. a3 c4 12. Qe2 Na5 13. O-O Qa4 14.
Re1 Qc2 15. Nf1 Qxe2 16. Rxe2 Nb3 17. Rb1 Nh6 18. Bg5 Nf5 19. Bxe7 Kxe7 20. N1d2 Nxd2 21. Nxd2 h4 22. Kh2 Rab8 23. Nf3 b5 24. g4 hxg3+ 25. fxg3 a5 26. Rf1 b4 27. axb4 axb4 28. g4 Nh6 29. Kg3 bxc3 30. bxc3 Rb3 31. Re3 Ra8 32. Nh4 Raa3 33.
Rff3 g5 34. Ng2 Ng8 35. h4 gxh4+ 36. Nxh4 Kf8 37. g5 Kg7 38. Kg4 Ne7 39. Rh3 Nc6 40. Ref3 Ne7 41. Rhg3 Rb1 42. Kh5 Rh1 43. Rh3 Raa1 44.
Rxh1 Rxh1 45. Kg4 Rg1+ 46. Kh5 Rh1 47. Kg4 Rh2 48. Rh3 Rc2 49. Rg3 Rc1 50. Kh5 Rh1 51.
Kg4 Ng6 52. Nxg6 Kxg6 53. Kf4 Rf1+ 54. Ke3 Rf5 55. Rh3 Rxg5 56. Rf3 Rg1 57. Rf6+ Kg7 58. Rf3 Rd1 59. Ke2 Rg1 60. Kd2 Rg6 61. Rh3 Kf8 62. Rh8+ Ke7 63. Rh7 Rg3 64. Rh2 Rd3+ 65. Kc2 Rg3 66.
Kb2 Rg7 67. Rf2 Rg6 68. Ka3 f6 69. exf6+ Rxf6 70. Re2 Kd6 71. Kb4 Rf8 72. Ka3 Rb8 73. Re3 Ke7 74. Ka4 Rb3 75. Ka5 Kd6 76. Ka4 Ke7 77. Ka5 Kf6 78. Ka4 Kf5 79. Ka5 Kf6 80. Ka4 Rb1 81. Ka5 Ke7 82. Ka4 Kd6 83. Ka5 Rd1 84.
Rh3 Rd3 85. Rh8 Rxc3 86. Rd8+ Ke7 87. Rb8 Rb3 88. Rc8 Kf6 89. Ka4 Kf5 90. Re8 Ke4 91.
Rxe6+ Kxd4 92. Re1 Rb8 93. Rd1+ Kc5 94. Rh1 Ra8# 0-1